Map: Prion Terraces

Players

신세계 - Winner!

  • Race: Zerg Zerg
  • League: Diamond

ILLBdA

  • Race: Protoss Protoss
  • League: Diamond

VOD

Have the link to the VOD?

Description

Time

  • Played on: Jan. 3, 2016, 6:55 p.m.
  • Length: 5:09
Show
View Real Time Build Order
Export as new Build Order

신세계 Zerg - Winner!

Build Orders: 3 Hatch before Pool 

Get SALT Encoding   

  12  0:01  Drone  
  13  0:08  Drone  
  14  0:18  Overlord  
  14  0:37  Drone x3  
  17  0:47  Drone  
  18  0:57  Hatchery  
  18  0:59  Drone  
  18  1:10  Drone  
  19  1:23  Drone  
  20  1:29  Hatchery  
  19  1:38  Spawning Pool  
  19  1:40  Drone  
  19  1:42  Drone  
  20  1:50  Extractor  
  19  1:54  Overlord  
  19  2:08  Drone  
  20  2:10  Drone  
  21  2:18  Drone  
  22  2:29  Queen, Zergling x2  
  25  2:32  Drone, Queen  
  25  2:33  Drone  
  29  2:40  Drone  
  29  2:42  Drone  
  31  2:45  Drone  
  31  2:50  Drone  
  33  2:53  Metabolic Boost  
  33  2:55  Drone  
  34  3:02  Overlord  
  34  3:04  Zergling x4  
  34  3:05  Zergling x2  
  37  3:08  Zergling x2  
  38  3:12  Overlord  
  38  3:23  Zergling x2, Queen  
  38  3:24  Zergling x2  
  38  3:26  Overlord  
  42  3:33  Zergling x2  
  42  3:34  Zergling x2  
  42  3:35  Zergling x2  
  42  3:36  Zergling x2  
  42  3:40  Zergling x2  
  46  3:45  Zergling x2  
  46  3:47  Zergling x8  
  46  3:48  Zergling x4  
  50  3:51  Zergling x2  
  50  3:53  Zergling x2  
  53  3:58  Zergling x2  
  53  3:59  Zergling x2  
  53  4:05  Queen  
  53  4:07  Zergling x4  
  53  4:09  Zergling x2  
  50  4:17  Zergling x2  
  50  4:18  Zergling x2  
  50  4:21  Overlord  
  50  4:22  Overlord  
  50  4:23  Zergling x2  
  48  4:24  Zergling x2  
  48  4:25  Zergling x2  
  48  4:29  Zergling x4  
  48  4:32  Zergling x2  
  48  4:33  Zergling x2  
  49  4:44  Drone x2  
  49  4:45  Drone x2  
  54  4:46  Drone  
  54  4:47  Drone  
  54  4:51  Drone  
  54  4:52  Drone x3  
  60  4:53  Drone  
  60  4:55  Drone  
Show
View Real Time Build Order
Export as new Build Order

ILLBdA Protoss 

Build Orders: Nexus First 

Get SALT Encoding   

  12  0:01  Probe (Chrono Boost)  
  13  0:12  Probe (Chrono Boost)  
  14  0:19  Pylon  
  14  0:22  Probe (Chrono Boost)  
  15  0:38  Probe (Chrono Boost)  
  16  0:48  Probe (Chrono Boost)  
  17  0:56  Nexus  
  17  1:08  Gateway  
  18  1:11  Probe (Chrono Boost)  
  18  1:22  Probe (Chrono Boost)  
  18  1:23  Assimilator  
  19  1:28  Assimilator  
  19  1:32  Probe (Chrono Boost)  
  20  1:43  Probe (Chrono Boost), Gateway  
  21  1:53  Probe (Chrono Boost)  
  22  1:57  Cybernetics Core  
  22  1:58  Pylon  
  22  2:04  Probe (Chrono Boost)  
  24  2:08  Probe (Chrono Boost)  
  24  2:14  Probe (Chrono Boost)  
  25  2:19  Probe (Chrono Boost)  
  26  2:25  Probe (Chrono Boost)  
  27  2:30  Probe (Chrono Boost)  
  27  2:33  Stalker (Chrono Boost)  
  27  2:35  Stalker (Chrono Boost)  
  32  2:38  Warp Gate  
  32  2:48  Mothership Core  
  32  2:49  Probe  
  35  3:00  Adept (Chrono Boost)  
  35  3:02  Probe, Adept (Chrono Boost)  
  40  3:09  Probe  
  41  3:16  Probe  
  42  3:23  Pylon  
  42  3:24  Adept (Chrono Boost)  
  42  3:25  Adept (Chrono Boost)  
  46  3:35  Stargate  
  46  3:41  Probe  
  46  3:46  Pylon  
  45  3:50  Pylon  
  45  3:53  Pylon  
  44  4:07  Adept (Chrono Boost)  
  44  4:08  Adept (Chrono Boost)  
  44  4:26  Oracle (Chrono Boost)  
  41  4:42  Sentry  
  41  4:43  Pylon  
  41  4:44  Gateway  
  43  4:51  Assimilator  
  43  4:54  Adept  
  43  4:55  Assimilator  
Tags
 
Add a new tag
Caveats
  • Supply blocks, unpowered buildings, or Contaminate may cause inaccurate times.
  • Supply counts are checked every 10 seconds.